 Dungeon Crawl Stone Soup version 0.20.1-1-g8b1a95d (webtiles) character file.

222 Wilfredo the Skirmisher (level 5, -11/72 HPs)
             Began as a Hill Orc Fighter on July 9, 2017.
             Was an Initiate of Cheibriados.
             Mangled by an orc warrior
             ... wielding a +2 hand axe of venom
              (16 damage)
             ... on level 3 of the Dungeon.
             The game lasted 00:17:24 (1121 turns).

Wilfredo the Skirmisher (Hill Orc Fighter)          Turns: 1121, Time: 00:17:24

Health: -11/72     AC: 10    Str: 26    XL:     5   Next: 99%
Magic:  5/5        EV:  7    Int:  9    God:    Cheibriados [......]
Gold:   71         SH: 10    Dex: 11    Spells: 3/4 levels left

rFire    . . .     SeeInvis .   s - +1 mace (protect)
rCold    . . .     Gourm    .   c - +0 shield
rNeg     + . .     Faith    .   t - +3 scale mail {rN+}
rPois    .         Spirit   .   (no helmet)
rElec    .         Reflect  .   (no cloak)
rCorr    .         Harm     .   (no gloves)
MR       .....                  (no boots)
Stlth    ..........             (no amulet)
Regen    0.3/turn               (no ring)
MPRegen  0.1/turn               (no ring)

@: berserking, lethally poisoned (-11 -> -42), very slow
A: no striking features
a: Bend Time, Renounce Religion


You were on level 3 of the Dungeon.
You worshipped Cheibriados.
Cheibriados was noncommittal.
You were not hungry.

You visited 1 branch of the dungeon, and saw 3 of its levels.

You collected 71 gold pieces.

Inventory:

Hand Weapons
 a - a +0 war axe
 e - a +0 hunting sling
 g - a +0 scythe
 j - a +0 dagger
 m - a +4 short sword
 s - a +1 mace of protection (weapon)
Missiles
 i - 74 stones (quivered)
 k - 42 arrows
 p - a throwing net
Armour
 b - a +0 scale mail
 c - a +0 shield (worn)
 t - a +3 scale mail of positive energy (worn)
Scrolls
 h - a scroll of teleportation {unknown}
Potions
 d - a potion of lignification {unknown}
 q - a potion of ambrosia {unknown}
Books
 o - a book of Minor Magic

   Spells                             Type                      Level
   a - Magic Dart                     Conjuration                  1
   b - Blink                          Translocation                2
   c - Call Imp                       Summoning                    2
   d - Slow                           Hexes                        2
   e - Conjure Flame                  Conjuration/Fire             3
   f - Mephitic Cloud                 Conjuration/Poison/Air       3
Comestibles
 f - 2 bread rations
 n - a royal jelly
 r - a chunk of flesh


   Skills:
 + Level 5.1 Fighting
 + Level 1.6 Short Blades
 + Level 3.6 Axes
 + Level 4.5 Armour
 + Level 4.3 Shields


You had 3 spell levels left.
You knew the following spells:

 Your Spells              Type           Power        Failure   Level  Hunger
a - Magic Dart            Conj           #...         98%         1    ##.....


Dungeon Overview and Level Annotations

Branches:
Dungeon (3/15)

Altars:
Cheibriados


Message History

The orc wizard blinks!
It was a potion of berserk rage.
A red film seems to cover your vision as you go berserk!
Cheibriados protects you from inadvertent hurry.
You feel mighty!
* * * LOW HITPOINT WARNING * * *
You feel very sick.
The orc warrior hits you but does no damage.
Unknown command.
You barely miss the orc warrior.
The orc warrior is lightly wounded.
* * * LOW HITPOINT WARNING * * *
You feel very sick. You block the orc warrior's attack.
You closely miss the orc warrior.
The orc warrior is lightly wounded.
* * * LOW HITPOINT WARNING * * *
You feel very sick.
The orc warrior hits you with a hand axe of venom!
You die...

#... #..#
#..# #..#
#..# .#
#$.####.#
#oSo....#
##o####.#
#@# #.# #.#
#.#
#####.####.#
#..........#
#.#######..#
#.#
#..#######
#.#
#.).......
#.#
##รท#######
#.#
#.#######


You could see an orc warrior, an orc wizard, an orc and a ball python.

Vanquished Creatures
  Sigmund (D:2)
  Terence (D:3)
  An adder (D:3)
  2 worms (D:2)
  2 dart slugs
  A giant cockroach (D:2)
  5 hobgoblins
  3 bats (D:2)
  A frilled lizard (D:2)
  2 goblins (D:3)
  6 kobolds
  2 rats
27 creatures vanquished.

Notes
Turn   | Place    | Note
-------+----------+-------------------------------------------
     0 | D:1      | Wilfredo the Hill Orc Fighter began the quest for the Orb.
     0 | D:1      | Reached XP level 1. HP: 19/19 MP: 1/1
   227 | D:1      | Reached XP level 2. HP: 27/27 MP: 2/2
   303 | D:2      | Noticed Sigmund
   324 | D:2      | Killed Sigmund
   324 | D:2      | Reached skill level 4 in Fighting
   324 | D:2      | Reached skill level 1 in Short Blades
   324 | D:2      | Reached XP level 3. HP: 5/35 MP: 3/3
   324 | D:2      | Reached XP level 4. HP: 5/41 MP: 4/4
   324 | D:2      | Reached XP level 5. HP: 6/47 MP: 5/5
   344 | D:2      | Found a snail-covered altar of Cheibriados.
   590 | D:2      | Became a worshipper of Cheibriados the Contemplative
   756 | D:2      | Learned a level 1 spell: Magic Dart
  1032 | D:3      | Reached skill level 5 in Fighting
  1054 | D:3      | Noticed Terence
  1074 | D:3      | Killed Terence
  1109 | D:3      | Noticed an orc warrior
  1121 | D:3      | Mangled by an orc warrior

Skill      XL: |  1  2  3  4  5 |
---------------+----------------+-----
Fighting       | 4 5 |  5.1
Short Blades   | 1 |  1.6
Axes           | 3 |  3.6
Armour         | 4 |  4.5
Shields        | 4 |  4.3

Action                   |  1- 3 |  4- 6 || total
-------------------------+-------+-------++-------
Melee: War axe           |    11 |       ||    11
       Short sword       |    13 |    63 ||    76
       Mace              |       |     6 ||     6
  Use: Potion            |     1 |     1 ||     2
  Eat: Chunk             |       |     1 ||     1
Armor: Scale mail        |     8 |    22 ||    30
Dodge: Dodged            |     5 |    12 ||    17
Block: Shield            |    13 |    28 ||    41
